 Dungeon Crawl Stone Soup version 0.30-a0-782-ge64f9170bb (webtiles) character file.

Game seed: 5313425040804712372

2759 vineage the Fighter (level 9, -10/60 HPs)
             Began as a Gargoyle Fighter on Mar 17, 2023.
             Was a Follower of the Shining One.
             Mangled by an orc warlord
             ... wielding a +4 broad axe
              (30 damage)
             ... in a bailey.
             The game lasted 00:08:24 (6477 turns).

vineage the Fighter (Gargoyle Fighter)              Turns: 6477, Time: 00:08:24

Health: -10/60     AC: 21    Str: 22    XL:     9   Next: 69%
Magic:  9/9        EV:  9    Int:  9    God:    the Shining One [*.....]
Gold:   597        SH:  6    Dex: 14    Spells: 8/8 levels left

rFire   + . .      SeeInvis .    v - +7 mace "Conservator" {venom, Fragile rCorr Dex+3}
rCold   . . .      Faith    .    c - +0 buckler
rNeg    + . .      Spirit   .    r - +1 scale mail {rF+}
rPois   ∞          Reflect  .    q - +0 helmet
rElec   +          Harm     .    (no cloak)
rCorr   +          Rampage  .    y - +0 pair of gloves
Will    .....                    t - +2 pair of boots Stlth
                                 (no amulet)
HPRegen 0.30/turn                (no ring)
MPRegen 0.11/turn                (no ring)

@: mighty, on berserk cooldown, slowed, glowing, very slow
A: sickness immunity, AC +6, negative energy resistance 1, electricity
resistance, torment resistance 1, petrification resistance
a: Renounce Religion, Divine Shield


You were in a bailey.
You worshipped the Shining One.
The Shining One was aware of your devotion.
You visited 1 branch of the dungeon, and saw 7 of its levels.
You also visited: Bailey.

You collected 597 gold pieces.

Inventory:

Hand Weapons
 a - a +1 flail of flaming
 v - the +7 mace "Conservator" (weapon) {venom, Fragile rCorr Dex+3}
   (You found it on level 4 of the Dungeon)

   Dex:       It affects your dexterity (+3).
   rCorr:     It protects you from acid and corrosion.
   Fragile:   It will be destroyed if unequipped.
Missiles
 e - a throwing net (quivered)
Armour
 c - a +0 buckler (worn)
 q - a +0 helmet (worn)
 r - a +1 scale mail of fire resistance (worn)
 t - a +2 pair of boots (worn)
 y - a +0 pair of gloves (worn)
Jewellery
 m - an amulet of guardian spirit
Wands
 s - a wand of flame (17)
 x - a wand of roots (12)
Scrolls
 b - a scroll of identify
 o - 7 scrolls of teleportation
 w - a scroll of magic mapping
 z - a scroll of fog
 A - a scroll of summoning
 C - 2 scrolls of enchant weapon
 D - a scroll of acquirement {unknown}
Potions
 f - 5 potions of curing
 g - 3 potions of heal wounds
 h - 3 potions of magic
 i - a potion of invisibility
 j - 2 potions of flight
 l - 3 potions of brilliance
 n - 2 potions of lignification
 p - a potion of haste {unknown}
 u - a potion of mutation {unknown}
 B - a potion of degeneration {unknown}


   Skills:
 * Level 8.9 Fighting
 * Level 7.8 Maces & Flails
 + Level 6.6 Armour
 + Level 6.7 Shields


You had 8 spell levels left.
You didn't know any spells.
Your spell library was empty.

Dungeon Overview and Level Annotations

Branches:
Dungeon (7/15)             Temple (0/1) D:7          Bailey (1/1)

Altars:
Ashenzari
Nemelex Xobeh
Okawaru
Wu Jian
Yredelemnul
Zin
The Shining One


Innate Abilities, Weirdness & Mutations

You are immune to sickness and miasma.
Your stone body is resilient. (AC +6)
You are immune to poison.
You resist negative energy. (rN+)
You are resistant to electric shocks. (rElec)
You are resistant to unholy torment.
You are immune to petrification.


Message History

You bludgeon the orc warlord!!
The orc warlord looks as sick as possible!
The orc warlord is heavily wounded.
The orc splashes around in the water.
You hit the orc warlord.
The orc warlord looks as sick as possible!
The orc warlord is heavily wounded.
The orc warlord hits you but does no damage.
You hit the orc warlord but do no damage.
The orc warlord is heavily wounded.
You block the orc's attack.
The orc warlord hits you with a +4 broad axe.
You are too injured to fight recklessly!
You are too injured to fight recklessly!
You are too injured to fight recklessly!
You are too injured to fight recklessly!
You are too injured to fight recklessly!
You are too injured to fight recklessly!
You are too injured to fight recklessly!
You are too injured to fight recklessly!
You are too injured to fight recklessly!
You are too injured to fight recklessly!
You thump the orc!
You kill the orc!
You thump the orc warlord!
The orc warlord is severely wounded.
The orc warlord hits you but does no damage.
You barely miss the orc warlord.
The orc warlord is severely wounded.
You sock the orc warlord!
The orc warlord is almost dead.
You are no longer berserk.
You are exhausted.
You feel yourself slow down.
The orc warlord hits you with a +4 broad axe!!
* * * LOW HITPOINT WARNING * * *
You feel much better.
The orc warlord hits you with a +4 broad axe!!
Ouch! That really hurt!
You die...

∩...~~~.#~....∩....~#.~~)...∩♣
♣...(~~.#~.........~#.~~~...♣♣
♣...)~~.#~~.8...8.~~#.)~~...♣
♣♣..###'###.......###)###..♣♣
♣.##....#~.8...8.~#....##.♣
♣##.....#~~~~~~~~~#.....##♣
##......####~~~####......##
#...8......#''o#......8...#
#..............@..........#
#.........................#
##..8..8.........).8..8..##
##.......#######.......##
##.....## ##.....## ##...##
##...## ##### #####


You could see an orc warlord (extremely poisoned).

Vanquished Creatures
  5 orc warriors
  A black bear (D:5)
  2 ogres
  2 centaurs (D:6)
  A phantom (D:5)
  A bullfrog (D:6)
  A scorpion (D:5)
  2 necrophages
  4 wights
  11 killer bees (D:6)
  A howler monkey (D:5)
  A jelly (D:3)
  5 hounds
  4 orc priests
  4 iguanas
  3 orc wizards
  17 gnolls
  8 adders
  A shadow imp (D:6)
  2 ufetubi
  3 worms
  3 dart slugs
  18 orcs
  7 endoplasms
  4 giant cockroaches
  9 goblins
  14 hobgoblins
  3 jackals (D:2)
  13 kobolds
  4 quokkas
  9 ball pythons
  5 bats
  3 frilled lizards
  4 rats
175 creatures vanquished.

Vanquished Creatures (others)
  5 fungi (D:7)
  3 toadstools (D:7)
8 creatures vanquished.

Grand Total: 183 creatures vanquished

Notes
Turn   | Place    | Note
-------+----------+-------------------------------------------
     0 | D:1      | vineage the Gargoyle Fighter began the quest for the Orb.
     0 | D:1      | Reached XP level 1. HP: 14/14 MP: 1/1
    55 | D:1      | Reached XP level 2. HP: 19/19 MP: 2/2
   319 | D:1      | Reached XP level 3. HP: 24/24 MP: 3/3
   895 | D:2      | Reached skill level 4 in Fighting
   895 | D:2      | Reached XP level 4. HP: 29/29 MP: 4/4
   995 | D:2      | Found a basalt altar of Yredelemnul.
  1106 | D:2      | Reached XP level 5. HP: 23/34 MP: 5/5
  1681 | D:3      | Found a broken altar of Ashenzari.
  1698 | D:3      | Reached XP level 6. HP: 38/40 MP: 6/6
  2393 | D:4      | Found a sparkling altar of Nemelex Xobeh.
  2445 | D:4      | Reached skill level 5 in Fighting
  2473 | D:4      | Found a glowing silver altar of Zin.
  3468 | D:4      | Identified the +7 mace "Conservator" {venom, Fragile rCorr
                  | Dex+3}
  3592 | D:4      | Found a glowing golden altar of the Shining One.
  3865 | D:4      | Became a worshipper of the Shining One
  3891 | D:5      | Entered Level 5 of the Dungeon
  3967 | D:5      | Reached XP level 7. HP: 44/44 MP: 7/7
  4036 | D:5      | Reached skill level 6 in Fighting
  4036 | D:5      | Reached skill level 5 in Maces & Flails
  4129 | D:5      | Reached skill level 5 in Armour
  4129 | D:5      | Reached skill level 5 in Shields
  4393 | D:5      | Reached XP level 8. HP: 52/52 MP: 8/8
  4936 | D:6      | Reached skill level 7 in Fighting
  5111 | D:6      | Found an iron altar of Okawaru.
  5130 | D:6      | Reached * piety under the Shining One
  5310 | D:6      | Reached XP level 9. HP: 51/59 MP: 9/9
  5361 | D:6      | Found an ornate altar of the Wu Jian Council.
  5768 | D:7      | Found a staircase to the Ecumenical Temple.
  5779 | D:6      | Reached skill level 8 in Fighting
  6154 | D:7      | Found a flagged portal.
  6177 | Bailey   | Entered a bailey
  6182 | Bailey   | Noticed an orc warlord
  6273 | Bailey   | Found a runed translucent gate.
  6274 | Bailey   | Found a runed translucent gate.
  6275 | Bailey   | Found a runed translucent gate.
  6476 | Bailey   | HP: 3/60 [orc warlord/+4 broad axe (27)]
  6477 | Bailey   | Mangled by an orc warlord

Illustrated notes

Levels and vault maps discovered:
D:1:      eino_arrival_water_star, layout_basic
D:2:      layout_loops_ring, basic_altar
D:3:      layout_basic, evilmike_ruin_ashenzari, dk_noncrumbling_4
D:4:      layout_loops_ring, nemelex_xobeh_ov_fountains_minmay, kennysheep_mini,
          lemuel_crystal_altar, serial_forest, infiniplex_forest_clump_tiny,
          infiniplex_forest_zigzag_2, infiniplex_forest_lined_3,
          infiniplex_forest_zigzag_2, infiniplex_forest_lined_corner,
          infiniplex_forest_corner_1, infiniplex_forest_clump_long,
          infiniplex_forest_clump_medium, infiniplex_forest_zigzag_1,
          abandoned_shop, minivault_1, minmay_misc_feat_hallway,
          grunt_decor_mini_mirrors
D:5:      minmay_evil_eye, layout_loops_cross
D:6:      layout_cave_pools, okawaru_metal_pillars_1_2,
          mainiacjoe_overflow_paths, minivault_26, kennysheep_diamond,
          nicolae_figureground_sparkle
D:7:      layout_cave_pools, led_xom_imps, mainiacjoe_overflow_brackets,
          mainiacjoe_overflow_surrounded_room, mainiacjoe_overflow_alcove_4,
          minmay_temple_entry_mist, enter_bailey_4,
          hangedman_decor_diamond_cutter, grunt_decor_one_mirror,
          minmay_gold_behind_fungi
Bailey:   bailey_axe_bossmonster_kennysheep, bailey

Skill      XL: |  1  2  3  4  5  6  7  8  9 |
---------------+----------------------------+-----
Fighting       | 4 5 6 7 8 |  8.9
Maces & Flails | 3 4 5 6 7 |  7.8
Armour         | 4 5 6 |  6.6
Shields        | 4 5 6 |  6.7

Action                     |  1- 3 |  4- 6 |  7- 9 || total
---------------------------+-------+-------+-------++-------
  Melee: Flail             |   114 |   232 |       ||   346
         Mace              |       |     3 |   241 ||   244
    Use: Scroll            |     5 |     5 |    12 ||    22
         Potion            |       |     2 |     3 ||     5
 Armour: Scale mail        |    64 |   143 |   188 ||   395
  Dodge: Dodged            |    74 |   116 |   136 ||   326
  Block: Buckler           |    22 |    60 |    78 ||   160

Table legend: (Time is in decaauts)
 A = Elapsed time spent in this place.
 B = Non-inter-level travel time spent in this place.
 C = Inter-level travel time spent in this place.
 D = Time resting spent in this place.
 E = Time spent auto-exploring this place.
 F = Levels seen in this place.
 G = Mean time per level.
                   A        B        C        D        E       F      G
               +--------+--------+--------+--------+--------+-----+--------+
         Total |   6605 |   6321 |    284 |    795 |   4239 |   8 |  825.6 |
       Dungeon |   6301 |   6017 |    284 |    795 |   4058 |   7 |  900.1 |
        Bailey |    304 |    304 |      0 |      0 |    181 |   1 |  304.0 |
               +--------+--------+--------+--------+--------+-----+--------+

Top non-repeatable levels by time:
     D:3: 1354 daAuts
     D:6: 1229 daAuts
     D:4: 1182 daAuts
     D:5: 984 daAuts
     D:2: 792 daAuts
     D:1: 656 daAuts
  Bailey: 304 daAuts
     D:7: 100 daAuts
